 Dungeon Crawl Stone Soup version 0.31-a0-875-g02e7d12df6 (webtiles) character file.

Game seed: 13252016276859228140

146 Newt the Shooter (level 5, -3/35 HPs)
             Began as a Kobold Hunter on Oct 12, 2023.
             Slain by an ogre
             ... wielding a +0 giant club
              (17 damage)
             ... on level 4 of the Dungeon.
             The game lasted 00:02:08 (2364 turns).

Newt the Shooter (Kobold Hunter)                    Turns: 2364, Time: 00:02:09

Health: -3/35      AC: 10    Str:  8    XL:     5   Next: 53%
Magic:  5/5        EV: 13    Int: 10    God:
Gold:   124        SH:  0    Dex: 27    Spells: 4/4 levels left

rFire   + . .        h - +4 sling
rCold   + . .        (no shield)
rNeg    . . .        t - +4 ring mail "Uske Vib" {*Slow rF+ rC+}
rPois   +            (no helmet)
rElec   .            (no cloak)
rCorr   .            i - +0 pair of gloves
SInv    .            (no boots)
Will    .....        (no amulet)
Stlth   +++          j - ring of poison resistance
HPRegen 0.25/turn    m - +6 ring of dexterity
MPRegen 0.09/turn

%: slow self (1%)
@: no status effects
A: small, no large weapons, nightstalker 3
a: no special abilities


You were on level 4 of the Dungeon.
You visited 1 branch of the dungeon, and saw 4 of its levels.

You collected 124 gold pieces.

Inventory:

Hand Weapons
 a - a +0 shortbow
 h - a +4 sling (weapon)
Armour
 c - a +0 leather armour
 i - a +0 pair of gloves (worn)
 t - the +4 ring mail "Uske Vib" (worn) {*Slow rF+ rC+}
   (You found it on level 4 of the Dungeon)

   rF+:       It protects you from fire.
   rC+:       It protects you from cold.
   *Slow:     It may slow you when you take damage.
Jewellery
 j - a ring of poison resistance (left hand)
 m - a +6 ring of dexterity (right hand)
 o - a +6 ring of intelligence
Wands
 k - a wand of roots (10)
 r - a wand of acid (22)
Scrolls
 b - a scroll of butterflies
 d - a scroll of fog
 f - 2 scrolls of fear
 n - 2 scrolls of identify
 p - 2 scrolls of teleportation
 q - a scroll of amnesia {unknown}
 s - a scroll of enchant armour {unknown}
 u - 2 scrolls of enchant weapon {unknown}
Potions
 e - a potion of mutation
 g - a potion of haste
 l - a potion of attraction {unknown}


   Skills:
 - Level 5.0 Fighting
 + Level 6.4 Ranged Weapons
 - Level 2.4 Dodging
 - Level 1.3 Stealth


You had 4 spell levels left.
You didn't know any spells.
Your spell library contained the following spells:

 Spells                   Type           Power      Damage    Failure   Level
 Apportation              Tloc           0%         N/A       75%         1
 Necrotise                Necr           0%         1d4       75%         1
 Summon Small Mammal      Summ           0%         N/A       75%         1
 Ozocubu's Armour         Ice            0%         N/A       98%         3
 Metabolic Englaciation   Hex/Ice        0%         N/A       100%        5
 Simulacrum               Ice/Necr       0%         N/A       100%        6


Dungeon Overview and Level Annotations

Branches:
Dungeon (4/15)
 Temple: D:4-7

Altars:
Elyvilon
Fedhas
Makhleb

Shops:
D:1 :


Innate Abilities, Weirdness & Mutations

You are small and have problems with some larger weapons.
You are completely attuned to the shadows.


Message History

You shoot a sling bullet.
The sling bullet barely misses the iguana.
The iguana closely misses you. The ogre barely misses you.
The iguana closely misses you.
Unknown command.
The iguana attacks as it pursues you!
The iguana bites you but does no damage.
You see here 6 stones.
The iguana attacks as it pursues you! The iguana closely misses you.
Fire: h) +4 sling
Press: ? - help, Shift-Dir - straight line, f - ogre, p - iguana
Aim: an ogre, wielding a +0 giant club (82% to hit)
You shoot a sling bullet. The sling bullet hits the iguana!
The iguana is severely wounded.
The iguana bites you.
Unknown command.
Fire: h) +4 sling
Press: ? - help, Shift-Dir - straight line, f/p - ogre
Aim: an ogre, wielding a +0 giant club (82% to hit)
You shoot a sling bullet. The sling bullet hits the iguana!
You kill the iguana!
The ogre barely misses you.
Unknown command.
You shoot a sling bullet. The sling bullet hits the ogre.
The ogre is lightly wounded.
The ogre misses you.
You shoot a sling bullet.
The sling bullet completely misses the ogre.
You shoot a sling bullet. The sling bullet hits the ogre!
The ogre is heavily wounded.
The ogre hits you with a +0 giant club!!
Ouch! That really hurt!
Unknown command.
Aiming: Corrosive Bolt
Press: ? - help, Shift-Dir - straight line, f/p - ogre
Aim: an ogre, wielding a +0 giant club (heavily wounded, 86% to hit)
The bolt of acid hits the ogre!
The acid corrodes the ogre!
The ogre is almost dead.
The ogre hits you with a +0 giant club!
You die...

##########
..........####################
...............@O..............
.#...........#######(.##........
............## ...##.##........
...........#.. ......########..
#........#..§≈ ......#
#.#.#....#...≈ ..♣♣..#
#.))#...#. . ♣...# ###.#...#
.....# #<#.... ......#


You could see an ogre (corroded).

Vanquished Creatures
  An iguana (D:4)
  An orc wizard (D:4)
  An adder (D:2)
  A worm (D:3)
  2 dart slugs (D:3)
  7 orcs
  8 endoplasms
  3 giant cockroaches
  5 goblins
  3 hobgoblins
  10 jackals
  3 kobolds
  8 quokkas
  2 ball pythons
  3 bats
  3 frilled lizards (D:2)
  4 rats
65 creatures vanquished.

Notes
Turn   | Place    | Note
-------+----------+-------------------------------------------
     0 | D:1      | Newt the Kobold Hunter began the quest for the Orb.
     0 | D:1      | Reached XP level 1. HP: 12/12 MP: 1/1
   191 | D:1      | Reached XP level 2. HP: 18/18 MP: 2/2
   457 | D:1      | Found Ypasuth's Vocational Training.
   531 | D:1      | Reached XP level 3. HP: 23/23 MP: 3/3
  1075 | D:2      | Found a faded altar of an unknown god.
  1474 | D:2      | Reached XP level 4. HP: 30/30 MP: 4/4
  1919 | D:3      | Found a burning altar of Makhleb.
  1923 | D:3      | Identified the +0 robe of Dishonesty {rElec Str+3 Int+3}
  2009 | D:3      | Found a blossoming altar of Fedhas.
  2016 | D:3      | Reached skill level 5 in Fighting
  2080 | D:3      | Found a white marble altar of Elyvilon.
  2282 | D:4      | Reached skill level 6 in Ranged Weapons
  2282 | D:4      | Reached XP level 5. HP: 34/35 MP: 5/5
  2292 | D:4      | Identified the +4 ring mail "Uske Vib" {*Slow rF+ rC+}
  2347 | D:4      | Noticed an ogre
  2364 | D:4      | Slain by an ogre

Illustrated notes

Levels and vault maps discovered:
D:1:      spicycebolla_arrival_xxxplode, layout_basic, nicolae_shop_vocational
D:2:      layout_basic, basic_ecumenical_altar
D:3:      layout_rooms, bloody_makhleb, fedhas_altar_3, lemuel_round_altar,
          due_unseen_surprise
D:4:      layout_basic, nicolae_wu_jian_wuxing_cycle,
          mainiacjoe_overflow_alcove_1, grunt_dithmenos_smoke_and_mirrors,
          minmay_temple_entry_enclosed_plants

Skill      XL: |  1  2  3  4 |
---------------+-------------+-----
Fighting       | 3 4 5 |  5.0
Ranged Weapons | 6 |  6.4
Dodging        | |  2.4
Stealth        | |  1.3

Action                     |  1- 3 |  4- 6 || total
---------------------------+-------+-------++-------
   Fire: Shortbow          |    43 |       ||    43
         Sling             |    36 |    63 ||    99
  Evoke: Wand              |       |     1 ||     1
    Use: Scroll            |       |     7 ||     7
 Armour: Leather armour    |    18 |     4 ||    22
         Ring mail         |       |     4 ||     4
  Dodge: Dodged            |    35 |    17 ||    52

Table legend: (Time is in decaauts)
 A = Elapsed time spent in this place.
 B = Non-inter-level travel time spent in this place.
 C = Inter-level travel time spent in this place.
 D = Time resting spent in this place.
 E = Time spent auto-exploring this place.
 F = Levels seen in this place.
 G = Mean time per level.
                   A        B        C        D        E       F      G
               +--------+--------+--------+--------+--------+-----+--------+
         Total |   2388 |   2205 |    183 |      0 |   1890 |   4 |  597.0 |
       Dungeon |   2388 |   2205 |    183 |      0 |   1890 |   4 |  597.0 |
               +--------+--------+--------+--------+--------+-----+--------+

Top non-repeatable levels by time:
     D:2: 881 daAuts
     D:1: 787 daAuts
     D:3: 616 daAuts
     D:4: 103 daAuts
